 Dungeon Crawl Stone Soup version 0.29-a0-824-gd827844252 (webtiles) character file.

Game seed: 7766408365544317305

46 StoneSoupSpirits the Trooper (level 3, -2/30 HPs)
             Began as a Demonspawn Chaos Knight on July 9, 2022.
             Was a Plaything of Xom.
             Slain by Terence the elephant (glowing shapeshifter) (16 damage)
             ... on level 2 of the Dungeon.
             The game lasted 00:04:43 (1584 turns).

StoneSoupSpirits the Trooper (DsCK)                 Turns: 1584, Time: 00:04:44

Health: -2/30      AC:  8    Str: 14    XL:     3   Next: 44%
Magic:  3/3        EV: 10    Int: 13    God:    Xom [.*....]
Gold:   59         SH:  0    Dex: 12    Spells: 2/2 levels left

rFire   . . .      SeeInvis .     - Unarmed
rCold   . . .      Faith    .   (no shield)
rNeg    . . .      Spirit   .   g - +3 ring mail
rPois   .          Reflect  .   (helmet restricted)
rElec   .          Harm     .   (no cloak)
rCorr   .          Rampage  .   (no gloves)
Will    .....                   (no boots)
Stlth   +.........              (no amulet)
HPRegen 0.10/turn               (no ring)
MPRegen 0.08/turn               (no ring)

@: no status effects
A: horns 1
a: Renounce Religion


You were on level 2 of the Dungeon.
You worshipped Xom.
You were a plaything of Xom.
You visited 1 branch of the dungeon, and saw 2 of its levels.

You collected 59 gold pieces.

Inventory:

Hand Weapons
 f - a +0 dagger of venom
Armour
 a - a +2 leather armour
 g - a +3 ring mail (worn)
Scrolls
 d - 2 scrolls of identify {unknown}
 i - a scroll of fear {unknown}
 j - a scroll of vulnerability {unknown}
Potions
 c - 2 potions of curing
 e - 2 potions of heal wounds {unknown}
 h - 3 potions of lignification {unknown}
Miscellaneous
 b - a piece from Xom's chessboard (15/15) (quivered)


   Skills:
 + Level 3.8 Fighting
 - Level 1.7 Armour
 - Level 0.8 Dodging
 + Level 3.4 Unarmed Combat


You had 2 spell levels left.
You didn't know any spells.
Your spell library contained the following spells:

 Spells                   Type           Power      Damage    Failure   Level
 Ozocubu's Armour         Ice            0%         N/A       88%         3
 Corpse Rot               Necr/Pois/Air  0%         N/A       99%         4
 Dispel Undead            Necr           0%         3d6       99%         4
 Death Channel            Necr           0%         N/A       100%        6
 Ozocubu's Refrigeration  Ice            0%         4d5       100%        7


Dungeon Overview and Level Annotations

Branches:
Dungeon (2/15)

Altars:

Annotations:
D:2 Terence


Innate Abilities, Weirdness & Mutations

You have a pair of small horns on your head.


Message History

You hit Terence but do no damage.
Terence is heavily wounded.
Terence hits you but does no damage.
You hit Terence but do no damage.
Terence is heavily wounded.
You hit Terence.
Terence is almost dead.
Terence hits you but does no damage.
The quokka bites you but does no damage.
You hit Terence but do no damage.
Terence is almost dead.
Terence hits you but does no damage. The quokka closely misses you.
You hit Terence but do no damage. You headbutt Terence.
Terence is almost dead. "Hum-dee-hum-dee-hum..."
Terence changes into a glowing shapeshifter!
Terence the glowing shapeshifter changes into a swamp dragon!
The quokka bites you but does no damage.
You hit Terence.
Terence is lightly wounded.
Terence the swamp dragon changes into an elephant!
The quokka barely misses you.
You hit Terence.
Terence is lightly wounded.
The quokka closely misses you.
You hit Terence. You headbutt Terence.
Terence is lightly wounded.
The quokka barely misses you. Terence closely misses you.
Terence trunk-slaps you but does no damage.
You barely miss Terence. You headbutt Terence, but do no damage.
Your punch misses Terence.
Terence is lightly wounded.
The quokka bites you but does no damage.
Terence tramples you!
A shower of butterflies erupts from you!
You hold your ground!
Terence barely misses you.
You swap places.
Terence attacks as you move away! Terence tramples you!
Ouch! That really hurt!
You die...
Xom guffaws!

# #...# #...# ### #...#
#.# #...# # #.# +...+
###.##### #...# #####.#
.##.#...#####.###rb.....
.'............b)@Yb.....
.####...###########...##
## #.......# ## #
##.......# #...<....#
#........# ###........#
...........# .#
###........# #.##


You could see Terence the elephant shaped shifter (ally target) and a quokka.

Vanquished Creatures
  An adder (D:2)
  A dart slug (D:1)
  3 bats
  2 endoplasms (D:1)
  3 giant cockroaches (D:1)
  4 goblins (D:1)
  3 hobgoblins (D:2)
  4 jackals (D:1)
  A quokka (D:1)
  2 ball pythons
  2 kobolds
  5 rats
31 creatures vanquished.

Notes
Turn   | Place    | Note
-------+----------+-------------------------------------------
     0 | D:1      | StoneSoupSpirits the Demonspawn Chaos Knight began the
                  | quest for the Orb.
     0 | D:1      | Reached XP level 1. HP: 18/18 MP: 1/1
    26 | D:1      | XOM: silly message
    39 | D:1      | Found a faded altar of an unknown god.
    51 | D:1      | XOM: divination: detect creatures
   266 | D:1      | XOM: divination: detect items
   322 | D:1      | Gained mutation: You have a pair of small horns on your
                  | head. [demonic ancestry]
   322 | D:1      | Reached XP level 2. HP: 24/24 MP: 2/2
   383 | D:1      | XOM: divination: detect items
   451 | D:1      | XOM: silly message
   640 | D:1      | XOM: silly message
   687 | D:1      | XOM: confuse monster(s)
   833 | D:1      | Reached XP level 3. HP: 29/29 MP: 3/3
   926 | D:1      | XOM is BORED!
   926 | D:1      | XOM: noise
  1481 | D:2      | XOM: 1-stop teleportation journey
  1559 | D:2      | Noticed Terence
  1579 | D:2      | Noticed Terence
  1579 | D:2      | Terence changed into Terence the glowing shapeshifter
  1579 | D:2      | XOM: polymorph Terence -> Terence the glowing shapeshifter
  1579 | D:2      | Noticed Terence
  1579 | D:2      | Terence the glowing shapeshifter changed into Terence the
                  | swamp dragon
  1580 | D:2      | Noticed Terence
  1580 | D:2      | Terence the swamp dragon changed into Terence the elephant
  1583 | D:2      | XOM: butterfly on damage
  1584 | D:2      | Slain by Terence the elephant (glowing shapeshifter)

Illustrated notes

Levels and vault maps discovered:
D:1:      psy_arrival_terrarium, layout_basic, chequers_ecumenical_altar_island,
          hangedman_feature_mirror, chequers_serial_rivers_micro_c,
          minmay_distorted
D:2:      layout_loops_corners, minmay_snake_closets, uniq_terence

Skill      XL: |  1 |
---------------+----+-----
Unarmed Combat | 3 |  3.4
Fighting       | |  3.8
Armour         | |  1.7
Dodging        | |  0.8

Action                   || total
-------------------------++-------
Melee: Unarmed           ||   133
       Headbutt          ||    20
Evoke: Piece from Xom's  ||     1
  Use: Potion            ||     1
Armor: Leather armour    ||    38
       Ring mail         ||    31
Dodge: Dodged            ||   107

Table legend: (Time is in decaauts)
 A = Elapsed time spent in this place.
 B = Non-inter-level travel time spent in this place.
 C = Inter-level travel time spent in this place.
 D = Time resting spent in this place.
 E = Time spent auto-exploring this place.
 F = Levels seen in this place.
 G = Mean time per level.
                   A        B        C        D        E       F      G
               +--------+--------+--------+--------+--------+-----+--------+
         Total |   1578 |   1534 |     44 |    324 |    931 |   2 |  789.0 |
       Dungeon |   1578 |   1534 |     44 |    324 |    931 |   2 |  789.0 |
               +--------+--------+--------+--------+--------+-----+--------+

Top non-repeatable levels by time:
     D:1: 1173 daAuts
     D:2: 404 daAuts
